 Dungeon Crawl Stone Soup version 0.30-a0-23-ge60ba3568b (webtiles) character file.

Game seed: 4427221411276446734

5140 Sobieck the Slicer (level 10, -6/61 HPs)
             Began as a Kobold Brigand on Aug 25, 2022.
             Was a Believer of Uskayaw.
             Mangled by a meliai
             ... wielding a +0 war axe
              (8 damage)
             ... on level 8 of the Dungeon.
             The game lasted 00:21:56 (10211 turns).

Sobieck the Slicer (Kobold Brigand)                Turns: 10211, Time: 00:21:56

Health: -6/61      AC:  8    Str:  9    XL:     10   Next: 89%
Magic:  16/16      EV: 19    Int: 19    God:    Uskayaw [**....]
Gold:   464        SH:  0    Dex: 20    Spells: 9/9 levels left

rFire   . . .      SeeInvis .    a - +5 dagger {short}
rCold   . . .      Faith    .    (no shield)
rNeg    . . .      Spirit   .    S - +0 robe
rPois   .          Reflect  .    (no helmet)
rElec   .          Harm     .    c - +0 cloak
rCorr   .          Rampage  .    (no gloves)
Will    .....                    m - +0 pair of boots
Stlth   ++++++....               Q - amulet of regeneration {@e2}
HPRegen 1.00/turn                p - +6 ring of intelligence
MPRegen 0.15/turn                F - +4 ring of protection

@: mighty, studying Short Blades
A: small, no large weapons, nightstalker 3
a: Renounce Religion, Stomp, Line Pass


You were on level 8 of the Dungeon.
You worshipped Uskayaw.
Uskayaw was aware of your devotion.
You visited 2 branches of the dungeon, and saw 9 of its levels.

You collected 464 gold pieces.


Innate Abilities, Weirdness & Mutations

You are small and have problems with some larger weapons.
You are completely attuned to the shadows.


   Skills:
 + Level 6.4 Fighting
 - Level 12.0 Short Blades
 - Level 2.1 Throwing
 + Level 6.7 Dodging
 + Level 9.6 Stealth
 * Level 8.6 Invocations


You had 9 spell levels left.
You didn't know any spells.
Your spell library contained the following spells:

 Spells                   Type           Power      Damage    Failure   Level
 Fireball                 Conj/Fire      0%         3d3       99%         5
 Iskenderun's Battlesphe  Conj           0%         2d6       99%         5
 Conjure Ball Lightning   Conj/Air       0%         3x3d6     100%        6
 Orb of Destruction       Conj           0%         9d5       100%        7

Inventory:

Hand Weapons
 a - a +5 dagger (weapon) {short}
   (You took it off a kobold on level 2 of the Dungeon)
 b - a +0 arbalest {crossbow}
   (You took it off an orc warrior on level 7 of the Dungeon)
 i - a +0 shortbow {bow}
   (You took it off a centaur on level 6 of the Dungeon)
 s - a +0 dagger of venom {short}
   (You found it on level 6 of the Dungeon)
 x - a +1 falchion of protection {long}
   (You took it off an orc on level 3 of the Dungeon)
 T - a +3 scimitar {long}
   (You took it off a wight on level 5 of the Dungeon)
 Z - a +1 trident of protection {polearm}
   (You took it off a gnoll sergeant on level 6 of the Dungeon)
Missiles
 d - 18 poisoned darts (quivered) {throwing}
 e - 3 curare-tipped darts {=fthrowing}
 f - 85 stones {throwing}
 h - 9 datura-tipped darts {throwing}
 C - a throwing net {=f!fthrowing}
 E - 10 boomerangs {throwing}
Armour
 c - a +0 cloak (worn)
 m - a +0 pair of boots (worn)
   (You found it on level 1 of the Dungeon)
 v - a +0 ring mail
   (You found it on level 8 of the Dungeon)
 w - a +0 leather armour
   (You found it on level 2 of the Dungeon)
 D - a +0 robe
   (You found it on level 3 of the Dungeon)
 J - a +0 ring mail
   (You found it on level 4 of the Dungeon)
 L - a +0 leather armour
   (You found it on level 4 of the Dungeon)
 S - a +0 robe (worn)
 V - a +0 robe
   (You took it off a wight on level 5 of the Dungeon)
 W - a +0 robe
   (You took it off a wight on level 6 of the Dungeon)
 X - a +0 robe
   (You took it off a wight on level 6 of the Dungeon)
 Y - a +0 scale mail
   (You took it off a gnoll sergeant on level 6 of the Dungeon)
Magical Staves
 q - a staff of air {!astaff}
   (You found it on level 2 of the Dungeon)
Jewellery
 g - a +6 ring of strength
   (You found it on level 7 of the Dungeon)
 k - a ring of magical power
   (You found it on level 8 of the Dungeon)
 p - a +6 ring of intelligence (left hand)
   (You found it on level 2 of the Dungeon)
 F - a +4 ring of protection (right hand)
   (You found it on level 3 of the Dungeon)
 H - a ring of magical power
   (You found it on level 8 of the Dungeon)
 Q - an amulet of regeneration (around neck) {@e2}
   (You found it on level 5 of the Dungeon)
Wands
 A - a wand of paralysis (19)
   (You found it on level 6 of the Dungeon)
 M - a wand of digging (5)
   (You took it off Grinder on level 4 of the Dungeon)
 R - a wand of iceblast (6)
   (You found it on level 5 of the Dungeon)
 U - a wand of quicksilver (7)
   (You found it on level 8 of the Dungeon)
Scrolls
 B - 3 scrolls of magic mapping {!r}
 G - 2 scrolls of teleportation {@r4}
 I - 2 scrolls of poison {!r}
 K - a scroll of summoning
Potions
 j - a potion of cancellation {unknown}
 n - 2 potions of might
 o - 3 potions of mutation {!q}
 r - a potion of ambrosia {unknown}
 t - a potion of brilliance
 u - 2 potions of resistance {unknown}
 z - a potion of lignification {!q}
 N - a potion of magic
 O - a potion of degeneration {unknown}
 P - 3 potions of haste {unknown}

Dungeon Overview and Level Annotations

Branches:
Dungeon (8/15) Zot: 26397  Temple (1/1) D:5 Zot: 5889
   Lair: D:8-11

Altars:
Ashenzari
Elyvilon
Fedhas
Gozag
Hepliaklqana
Kikubaaqudgha
Makhleb
Nemelex Xobeh
Okawaru
Qazlal
Ru
Sif Muna
Trog
Uskayaw
Vehumet
Wu Jian
Xom
Yredelemnul
The Shining One

Annotations:
D:3 2 transporters, logorrheac's ghost, amateur GnWn
D:6 UNSEEN
D:7 3 runed translucent doors, Dermit's ghost, novice DjFE

#.#######.### #.........#####
..#............ ...............
#............... .#.###..........
................#### ######
...............y...# #..[.#
.###.......#####@..# #....####
...##.........[#...###.......#
##..##........))....###......#
.##..####.###................#
[.##..#)#.#.#.##.............####
.C.##.#.#.#.#.##..............>..
.#..##......#.##...........###.##
.#...##.#.#.#.#####........# #.#
.#.#..#)#.#.#.#####........# #.#


You could see a meliai.


Message History

You hit the centaur.
The centaur zaps a wand.
The bolt of dispelling energy misses you.
You can now pass through a line of other dancers.
Unknown command.
You puncture the centaur!
The centaur hits you but does no damage.
The centaur barely misses you.
Unknown command.
You hit the centaur but do no damage. The centaur misses you.
The centaur kicks you.
Unknown command.
You barely miss the centaur.
You punch the centaur, but do no damage.
The centaur hits you but does no damage.
The centaur closely misses you.
Unknown command.
You hit the centaur.
You kill the centaur!
A water moccasin comes into view.
Unknown command.
The water moccasin hisses angrily.
You hit the acid dragon. The acid dragon spits acid at you.
The splash of acid misses you.
Unknown command.
You barely miss the acid dragon.
Unknown command.
You hit the acid dragon. The acid dragon closely misses you.
The acid dragon misses you.
Unknown command.
You barely miss the acid dragon.
Unknown command.
You hit the acid dragon. The acid dragon closely misses you.
The acid dragon barely misses you.
Uskayaw will force your foes to helplessly watch your dance.
Uskayaw prepares the audience for your solo!
Unknown command.
The helpless acid dragon fails to defend itself.
You perforate the acid dragon like a sieve!!!!
You kill the acid dragon!
The acid dragon scales are intact enough to wear.
The helpless water moccasin fails to defend itself.
You perforate the water moccasin like a sieve!!!!
You kill the water moccasin!
Uskayaw will force your foes to share their pain.
You start waiting.
A meliai comes into view. It is wielding a +0 war axe.
Danger!
The meliai hits you with a +0 war axe! The meliai barely misses you.
Unknown command.
You hit the meliai but do no damage.
Unknown command.
You barely miss the meliai. The meliai misses you.
The meliai stings you but does no damage.
You completely miss the meliai.
The meliai invokes the aid of its god against you.
Something smites you!
Unknown command.
You hit the meliai. The meliai closely misses you. The meliai misses you.
You closely miss the meliai. The meliai barely misses you.
The meliai stings you!
Unknown command.
You miss the meliai. The meliai closely misses you. The meliai stings you.
Unknown command.
You feel very mighty all of a sudden. The meliai completely misses you.
The meliai misses you. The meliai completely misses you.
The meliai closely misses you.
You puncture the meliai! The meliai hits you with a +0 war axe!
* * * LOW HITPOINT WARNING * * *
The meliai stings you.
* * * LOW HITPOINT WARNING * * *
You are poisoned.
The meliai poisons you!
You feel much better.
You feel very sick. The meliai misses you. The meliai barely misses you.
The meliai hits you with a +0 war axe.
The meliai stings you but does no damage.
You feel better. The meliai hits you with a +0 war axe.
The meliai closely misses you.
The meliai mumbles some strange prayers to its god against you.
Something smites you!
* * * LOW HITPOINT WARNING * * *
Unknown command.
You puncture the meliai! The meliai hits you with a +0 war axe.
* * * LOW HITPOINT WARNING * * *
The meliai stings you.
* * * LOW HITPOINT WARNING * * *
You can now pass through a line of other dancers.
You closely miss the meliai.
The meliai calls down the wrath of its god upon you.
Something smites you!
* * * LOW HITPOINT WARNING * * *
Unknown command.
Really quaff
z - a potion of lignification {!q}?
Okay, then.
You closely miss the meliai. The meliai barely misses you.
The meliai stings you!
You die...

Skill      XL: |  1  2  3  4  5  6  7  8  9 10 |
---------------+-------------------------------+-----
Short Blades   | 3 4 5 6 7 10 11 12 | 12.0
Invocations    | 3 6 8 |  8.6
Dodging        | 3 5 6 |  6.7
Fighting       | 3 4 6 |  6.4
Stealth        | 6 8 9 |  9.6
Throwing       | |  2.1

Action                   |  1- 3 |  4- 6 |  7- 9 | 10-12 || total
-------------------------+-------+-------+-------+-------++-------
Melee: Dagger            |    50 |   169 |   268 |    82 ||   569
       Punch             |       |       |     9 |     4 ||    13
 Fire: Arbalest          |       |       |     1 |     1 ||     2
Throw: Dart              |       |       |     8 |    12 ||    20
  Use: Potion            |       |     2 |     3 |     3 ||     8
       Scroll            |       |       |    14 |     2 ||    16
 Stab: Sleeping          |     7 |    12 |    19 |     4 ||    42
       Distracted        |       |       |     3 |       ||     3
       Paralysed         |       |       |     2 |     5 ||     7
Armor: Robe              |     7 |    25 |    47 |    21 ||   100
Dodge: Dodged            |    28 |    58 |   151 |    76 ||   313

Levels and vault maps discovered:
D:1:      lightli_arrival_statue_moat, layout_basic
D:2:      layout_rooms, ebering_ecumenical_altar_ruins,
          minmay_misc_feat_pillars, uniq_natasha
D:3:      layout_basic, gammafunk_ghost_arena, minmay_ruptured
D:4:      layout_gridville, uniq_grinder
D:5:      layout_loops_ring, minmay_temple_entry_butterflies
D:6:      layout_loops_cross, mainiacjoe_overflow_alcove_4,
          minmay_misc_feat_rugged, minmay_liquid_box
D:7:      layout_loops_cross, lemuel_round_altar,
          mainiacjoe_overflow_surrounded_room, gammafunk_ghost_nasty_kobolds,
          minmay_manual_mullet
D:8:      minmay_the_grid_octo_tiled_squarecenter
          [minmay_the_grid_octo_odd_swirl, minmay_the_grid_octo_checkered,
          minmay_the_grid_octo_77, minmay_the_grid_octo_horde,
          minmay_the_grid_square_5x5_megaprize_checkered,
          minmay_the_grid_square_5x5_two_walls_a,
          minmay_the_grid_square_5x5_hollow_slash,
          minmay_the_grid_square_5x5_slash, minmay_the_grid_square_5x5_tie],
          layout_basic, ashenzari_altar_1
Temple:   eino_wide_crystal_templ

Notes
Turn   | Place    | Note
-------+----------+-------------------------------------------
     0 | D:1      | Sobieck the Kobold Brigand began the quest for the Orb.
     0 | D:1      | Reached XP level 1. HP: 12/12 MP: 1/1
   212 | D:1      | Reached skill level 3 in Short Blades
   511 | D:1      | Reached XP level 2. HP: 17/17 MP: 2/2
  1227 | D:2      | Reached skill level 4 in Short Blades
  1254 | D:2      | Reached XP level 3. HP: 21/21 MP: 3/3
  1267 | D:2      | Found a faded altar of an unknown god.
  1272 | D:2      | Noticed Natasha
  1276 | D:2      | Killed Natasha
  1277 | D:2      | Reached skill level 5 in Short Blades
  1305 | D:2      | Reached XP level 4. HP: 13/26 MP: 4/4
  1527 | D:2      | Noticed Natasha
  1544 | D:2      | Killed Natasha
  1689 | D:2      | Reached skill level 6 in Short Blades
  1990 | D:2      | Noticed Natasha
  1999 | D:2      | Killed Natasha
  2000 | D:2      | Reached XP level 5. HP: 19/30 MP: 5/5
  2264 | D:3      | Reached skill level 7 in Short Blades
  2548 | D:3      | Reached XP level 6. HP: 35/35 MP: 6/6
  2616 | D:3      | Found a transporter.
  2633 | D:3      | Found a transporter.
  2633 | D:3      | Noticed logorrheac's ghost (amateur GnWn)
  2866 | D:4      | Reached skill level 8 in Short Blades
  3168 | D:4      | HP: 8/35 [scorpion (2)]
  3338 | D:4      | Reached skill level 9 in Short Blades
  3716 | D:4      | Noticed Grinder
  3720 | D:4      | Killed Grinder
  3721 | D:4      | Reached skill level 10 in Short Blades
  3721 | D:4      | Reached XP level 7. HP: 40/40 MP: 7/7
  4361 | D:5      | Entered Level 5 of the Dungeon
  4433 | D:5      | Noticed a water moccasin
  4438 | D:5      | Found a staircase to the Ecumenical Temple.
  4444 | Temple   | Entered the Ecumenical Temple
  4547 | Temple   | Became a worshipper of Uskayaw the Reveller
  4562 | D:5      | Reached * piety under Uskayaw
  4563 | D:5      | Reached XP level 8. HP: 44/44 MP: 8/8
  4692 | D:5      | Reached ** piety under Uskayaw
  4696 | D:5      | Reached skill level 11 in Short Blades
  4696 | D:5      | Reached skill level 1 in Invocations
  4736 | D:5      | Reached skill level 2 in Dodging
  4736 | D:5      | Reached skill level 2 in Invocations
  4926 | D:5      | You pick up a book of the Spheres and begin reading...
  4926 | D:5      | You add the spells Iskenderun's Battlesphere, Fireball,
                  | Conjure Ball Lightning and Orb of Destruction to your
                  | library.
  5058 | D:5      | Reached skill level 3 in Fighting
  5058 | D:5      | Reached skill level 6 in Stealth
  5118 | D:5      | Reached skill level 3 in Invocations
  5241 | D:5      | Reached skill level 3 in Dodging
  5384 | D:5      | Reached XP level 9. HP: 51/51 MP: 11/11
  5775 | D:6      | Reached skill level 4 in Invocations
  5792 | D:6      | HP: 8/49 [wight/+3 scimitar (11)]
  6140 | D:6      | Reached skill level 4 in Fighting
  6199 | D:6      | HP: 7/52 [gnoll/+0 flail[a gnoll sergeant] (9)]
  6201 | D:6      | Reached skill level 4 in Dodging
  6201 | D:6      | Reached skill level 7 in Stealth
  6208 | D:6      | Reached *** piety under Uskayaw
  6812 | D:6      | Reached skill level 5 in Invocations
  7170 | D:6      | Found a bloodstained altar of Trog.
  7778 | D:6      | HP: 13/52 [something (4)]
  8393 | D:7      | Found an ornate altar of the Wu Jian Council.
  8449 | D:7      | Reached skill level 6 in Invocations
  8702 | D:7      | Reached skill level 12 in Short Blades
  8702 | D:7      | Reached skill level 5 in Dodging
  8910 | D:7      | Reached skill level 8 in Stealth
  8910 | D:7      | Reached XP level 10. HP: 58/58 MP: 14/14
  8945 | D:7      | Found a runed translucent gate.
  8945 | D:7      | Found a runed translucent gate.
  8946 | D:7      | Found a runed translucent gate.
  8948 | D:7      | Noticed Dermit's ghost (novice DjFE)
  8979 | D:7      | Found an iron altar of Okawaru.
  9075 | D:7      | Reached skill level 5 in Fighting
  9617 | D:8      | Found a broken altar of Ashenzari.
  9641 | D:8      | Noticed a two-headed ogre
  9668 | D:8      | Killed a two-headed ogre
  9669 | D:8      | Reached skill level 6 in Dodging
  9669 | D:8      | Reached skill level 7 in Invocations
  9727 | D:8      | Noticed a brown ugly thing
  9745 | D:8      | Killed a brown ugly thing
  9746 | D:8      | Reached skill level 9 in Stealth
  9789 | D:8      | Noticed a cyclops
  9792 | D:8      | Noticed a centaur warrior
  9959 | D:8      | Reached skill level 6 in Fighting
 10096 | D:8      | Killed a centaur warrior
 10097 | D:8      | Reached skill level 8 in Invocations
 10098 | D:8      | Reached **** piety under Uskayaw
 10209 | D:8      | HP: 14/61 [meliai/+0 war axe (3)]
 10210 | D:8      | HP: 1/61 [meliai/divine providence (13)]
 10211 | D:8      | Mangled by a meliai

Vanquished Creatures
  A centaur warrior (D:8)
  A two-headed ogre (D:8)
  An ugly thing (D:8)
  Grinder (D:4)
  A steam dragon (D:7)
  4 water moccasins
  An acid dragon (D:8)
  3 ice beasts
  2 orc warriors (D:7)
  A sky beast (D:7)
  An ogre (D:6)
  6 centaurs
  A bullfrog (D:8)
  2 gnoll sergeants
  3 necrophages
  4 scorpions
  4 wights
  A howler monkey (D:4)
  A gnoll bouda (D:6)
  3 hounds
  3 orc priests
  5 iguanas
  4 orc wizards
  Natasha (thrice) (D:2)
  11 gnolls
  4 adders
  A shadow imp (D:5)
  A white imp (D:5)
  An ufetubus (D:7)
  12 orcs
  5 ball pythons
  9 endoplasms
  A giant cockroach (D:2)
  5 goblins
  4 hobgoblins
  6 jackals
  3 quokkas
  3 bats
  6 frilled lizards
  5 kobolds
  7 rats
  A butterfly (D:5)
142 creatures vanquished.

Vanquished Creatures (others)
  6 plants (D:6)
6 creatures vanquished.

Grand Total: 148 creatures vanquished

Table legend:
 A = Non-vault XP
 B = Vault XP
 C = Vault XP percentage of total XP
 D = Non-vault monster count
 E = Vault monster count
 F = Vault count percentage of total count
                 A         B        C        D         E       F
            +---------+---------+-------+---------+---------+-------
      Total |    3892 |    3452 |  47.0 |     126 |      15 |  10.6
            +---------+---------+-------+---------+---------+-------
        D:1 |      15 |       0 |   0.0 |       9 |       0 |   0.0
        D:2 |     116 |      33 |  22.1 |      27 |       1 |   3.6
        D:3 |     112 |       6 |   5.1 |      18 |       3 |  14.3
        D:4 |     406 |     281 |  40.9 |      13 |       1 |   7.1
        D:5 |    1168 |       0 |   0.0 |      18 |       0 |   0.0
        D:6 |    1167 |       0 |   0.0 |      27 |       0 |   0.0
        D:7 |     685 |     395 |  36.6 |      10 |       3 |  23.1
        D:8 |     223 |    2737 |  92.5 |       4 |       7 |  63.6
            +---------+---------+-------+---------+---------+-------

Illustrated notes

Table legend:
 A = Kills in this place as a percentage of kills in entire the game.
 B = Kills by you in this place as a percentage of kills by you in the entire game.
 C = Kills by friends in this place as a percentage of kills by friends in the entire game.
 D = Other kills in this place as a percentage of other kills in the entire game.
 E = Experience gained in this place as a percentage of experience gained in the entire game.
 F = Experience gained in this place divided by the number of levels of this place that you have seen.
                   A       B       C       D       E      F
               +-------+-------+-------+-------+-------+----------------------
         Total | 100.0 | 100.0 |   N/A |   N/A | 100.0 | 816.0
       Dungeon | 100.0 | 100.0 |   N/A |   N/A | 100.0 | 918.0
               +-------+-------+-------+-------+-------+----------------------

Table legend: (Time is in decaauts)
 A = Elapsed time spent in this place.
 B = Non-inter-level travel time spent in this place.
 C = Inter-level travel time spent in this place.
 D = Time resting spent in this place.
 E = Time spent auto-exploring this place.
 F = Levels seen in this place.
 G = Mean time per level.
                   A        B        C        D        E       F      G
               +--------+--------+--------+--------+--------+-----+--------+
         Total |  10000 |   9723 |    277 |   2702 |   5407 |   9 | 1111.1 |
       Dungeon |   9889 |   9638 |    251 |   2702 |   5388 |   8 | 1236.1 |
        Temple |    110 |     84 |     26 |      0 |     19 |   1 |  110.0 |
               +--------+--------+--------+--------+--------+-----+--------+

Top non-repeatable levels by time:
     D:5: 1999 daAuts
     D:4: 1664 daAuts
     D:6: 1595 daAuts
     D:7: 1325 daAuts
     D:1: 1150 daAuts
     D:2: 971 daAuts
     D:3: 659 daAuts
     D:8: 523 daAuts
  Temple: 110 daAuts
